Flames vs Kings

Created - September-12-13 at 18:05

Simulating a Pre-Season

Goals
1 2 3 T
Flames 0 2 4 6
Kings 0 0 0 0
Shots
1 2 3 T
Flames 11 12 14 37
Kings 1 11 6 18

1st period

No Goal

Penalties :
Sergei Gonchar (LOS) for Hooking (Minor) at 0:21, Bryce Salvador (CGY) for Hooking (Minor) at 9:11, Vyacheslav Voynov (LOS) for Hooking (Minor) at 12:36

2nd period

1. Flames , Michael Ryder 3 (Anze Kopitar, Erik Johnson) at 5:39 (PP)
2. Flames , Jeff Skinner 1 (Ryan Kesler) at 5:45

Penalties :
Justin Faulk (LOS) for Roughing (Minor) at 4:30, Michael Grabner (CGY) for Holding (Minor) at 5:55, Kyle Palmieri (LOS) for Holding (Minor) at 10:17, Toni Lydman (CGY) for Tripping (Minor) at 13:44

3rd period

3. Flames , Ladislav Smid 1 (Anze Kopitar, Michael Ryder) at 13:42
4. Flames , Dustin Brown 2 (Michael Ryder, Andrew MacDonald) at 18:41
5. Flames , Dustin Brown 3 (Andrew MacDonald, Michael Ryder) at 19:11
6. Flames , Jeff Skinner 2 (Ryan Kesler, Jack Johnson) at 19:29

Penalties :
Justin Faulk (LOS) for Hooking (Minor) at 0:06, Sergei Gonchar (LOS) for Tripping (Minor) at 2:11, Jamie McBain (LOS) for Delaying the game (Minor) at 7:23, Anze Kopitar (CGY) for Roughing (Minor) at 11:21

Goalie Stats

Jonathan Quick (CGY), 18 saves from 18 shots - (1.000), W, 2-1-1, 60:00 minutes
Miikka Kiprusoff (LOS), 31 saves from 37 shots - (0.838), L, 0-1-0, 60:00 minutes

Players Stats for Flames

Player Name              G  A  P  +/- PIM S  H  SB GA TA FO     MP     PP MP  PK MP  
------------------------------------------------------------------------------------
Andrew MacDonald         0  2  2   3  0   3  0  1  0  0  0/0    24:59   6:56   3:59 
Anze Kopitar             0  2  2   3  2   2  0  0  0  0  14/26  21:49   6:36   0:00 
Bryce Salvador           0  0  0   3  2   1  3  1  0  0  0/0    17:45   0:00   3:02 
Dustin Brown             2  0  2   3  0   4  1  2  0  0  1/1    20:12   6:36   3:19 
Erik Johnson             0  1  1   1  0   1  0  2  0  0  0/0    21:25   6:07   0:40 
Jack Johnson             0  1  1   1  0   4  2  0  0  0  0/0    24:59   6:07   4:14 
Jake Muzzin              0  0  0   0  0   0  0  0  0  0  0/0     0:00   0:00   0:00 
Jeff Skinner             2  0  2   2  0   5  1  0  0  0  1/1    21:04   6:27   0:00 
Ladislav Smid            1  0  1   1  0   1  1  1  0  0  0/0    14:16   0:00   3:57 
Michael Grabner          0  0  0   2  2   1  0  0  0  0  0/1    14:36   0:00   0:00 
Michael Ryder            1  3  4   3  0   3  0  0  0  0  0/1    16:53   6:36   0:00 
Mike Cammalleri          0  0  0   0  0   1  2  0  0  0  1/3     8:26   0:00   3:19 
Pierre-Marc Bouchard     0  0  0   0  0   0  0  0  0  0  0/0     9:00   0:00   0:00 
Radek Dvorak             0  0  0   0  0   1  1  0  0  0  0/1     5:07   0:00   0:00 
Ryan Kesler              0  2  2   2  0   3  3  0  0  0  15/28  21:14   6:27   0:00 
Shawn Horcoff            0  0  0   0  0   0  2  0  0  0  9/18   13:37   0:00   4:37 
Tomas Kopecky            0  0  0   0  0   7  0  0  0  0  1/1    20:04   6:27   4:37 
Toni Lydman              0  0  0   1  2   0  1  0  0  0  0/0    16:34   6:56   0:00 

Players Stats for Kings

Player Name              G  A  P  +/- PIM S  H  SB GA TA FO     MP     PP MP  PK MP  
------------------------------------------------------------------------------------
Dustin Penner            0  0  0  -2  0   0  1  0  0  0  0/0    12:20   4:05   0:00 
Jamie McBain             0  0  0  -2  2   0  0  2  0  0  0/0     9:07   0:00   0:00 
Jarret Stoll             0  0  0  -2  0   3  1  0  0  0  17/27  20:18   3:51   8:12 
Jeff Halpern             0  0  0   0  0   0  0  0  0  0  2/2    12:01   0:15   7:39 
Joe Corvo                0  0  0  -2  0   1  0  1  0  0  0/0    15:03   3:52   2:03 
Justin Faulk             0  0  0  -3  4   0  2  3  0  0  0/0    22:40   0:00   5:24 
Kyle Palmieri            0  0  0  -1  2   0  0  0  0  0  0/1    15:55   0:15   0:00 
Matt Hendricks           0  0  0   0  0   0  3  0  0  0  3/11    8:58   0:00   4:51 
Michael Frolik           0  0  0  -2  0   2  1  0  0  0  2/2    19:29   3:51   0:33 
Mikhail Grabovski        0  0  0  -2  0   2  1  0  0  0  6/13   11:59   0:00   0:00 
Nail Yakupov             0  0  0  -1  0   3  2  0  0  0  1/1    18:30   3:50   0:00 
Robyn Regehr             0  0  0  -1  0   0  2  1  0  0  0/0    11:09   0:00   5:40 
Ryan Nugent-Hopkins      0  0  0  -1  0   0  0  0  0  0  8/22   18:30   3:50   0:00 
Ryan Smyth               0  0  0  -2  0   0  3  1  0  0  0/2    20:41   3:51   4:51 
Sergei Gonchar           0  0  0  -2  4   2  0  2  0  0  0/0    21:16   4:04   5:25 
Tobias Enstrom           0  0  0   0  0   3  0  0  0  0  0/0    23:59   4:04   7:20 
Vyacheslav Voynov        0  0  0   0  2   2  1  1  0  0  0/0    16:40   3:52   0:14 
Wojtek Wolski            0  0  0  -2  0   0  0  0  0  0  0/0     8:15   0:00   0:00 

3 Stars

1 - Michael Ryder (CGY)
2 - Dustin Brown (CGY)
3 - Jeff Skinner (CGY)

Power Play

Flames - 1 on 7 Attempt(s) - 14.29%
Kings - 0 on 4 Attempt(s) - 0.00%

Penalty Kill

Flames - 4 on 4 Attempt(s) - 100.00% - Score 0 goal in Penalty Kill
Kings - 6 on 7 Attempt(s) - 85.71% - Score 0 goal in Penalty Kill

Official

Referees : Don VanMassenhoven and Mark Lemelin
Linesman : Bryan Pancich and Jonny Murray

Game Notes

No Game Note

% Time on Ice - Flames

Lines # - Real PCT - Wanted PCT - Time Play
Normal Forward
1 - 26% - 30% - 10:17
2 - 37% - 30% - 14:37
3 - 13% - 20% - 5:07
4 - 23% - 20% - 9:00
Normal Defense
1 - 38% - 35% - 14:44
2 - 38% - 35% - 14:38
3 - 12% - 15% - 4:42
4 - 13% - 15% - 4:57
PP Forward
1 - 51% - 55% - 6:36
2 - 49% - 45% - 6:27
PP Defense
1 - 47% - 50% - 6:07
2 - 53% - 50% - 6:56
PK Forward
1 - 58% - 55% - 4:37
2 - 42% - 45% - 3:19
PK Defense
1 - 50% - 50% - 3:59
2 - 50% - 50% - 3:57
PK3 Forward
1 - 0% - 50%
2 - 0% - 50%
PK3 Defense
1 - 0% - 50%
2 - 0% - 50%
44 Forward
1 - 0% - 50%
2 - 0% - 50%
44 Defense
1 - 0% - 50%
2 - 0% - 50%
Last Minute Offensive  - 0:00
Last Minute Defensive  - 0:00
Total
Forward - 60:00
Defense - 60:00

% Time on Ice - Kings

Lines # - Real PCT - Wanted PCT - Time Play
Normal Forward
1 - 38% - 35% - 14:40
2 - 31% - 30% - 11:59
3 - 21% - 20% - 8:15
4 - 11% - 15% - 4:07
Normal Defense
1 - 30% - 33% - 11:49
2 - 32% - 28% - 12:35
3 - 23% - 20% - 9:08
4 - 14% - 19% - 5:29
PP Forward
1 - 51% - 55% - 4:05
2 - 49% - 45% - 3:51
PP Defense
1 - 51% - 55% - 4:04
2 - 49% - 45% - 3:52
PK Forward
1 - 63% - 55% - 8:12
2 - 37% - 45% - 4:51
PK Defense
1 - 60% - 55% - 7:53
2 - 40% - 45% - 5:10
PK3 Forward
1 - 0% - 55%
2 - 0% - 45%
PK3 Defense
1 - 0% - 55%
2 - 0% - 45%
44 Forward
1 - 0% - 50%
2 - 0% - 50%
44 Defense
1 - 0% - 50%
2 - 0% - 50%
Last Minute Offensive  - 0:00
Last Minute Defensive  - 0:00
Total
Forward - 60:00
Defense - 60:00

Play by Play

1st period


0:01 of 1st period - Ryan Nugent-Hopkins wins face-off versus Anze Kopitar in neutral zone.
0:21 of 1st period - Minor Penalty to Sergei Gonchar for Hooking.
0:22 of 1st period - Ryan Kesler wins face-off versus Jarret Stoll in Kings zone.
0:45 of 1st period - Shot by Jack Johnson.
0:45 of 1st period - Shot Misses the Net.
0:47 of 1st period - Shot by Jack Johnson.
0:47 of 1st period - Stopped by Miikka Kiprusoff without a rebound.
0:48 of 1st period - Matt Hendricks wins face-off versus Anze Kopitar in Kings zone.
1:17 of 1st period - Shot by Andrew MacDonald.
1:17 of 1st period - Stopped by Miikka Kiprusoff without a rebound.
1:18 of 1st period - Tomas Kopecky wins face-off versus Jarret Stoll in Kings zone.
2:23 of 1st period - Kyle Palmieri is hit by Radek Dvorak and loses puck.
2:42 of 1st period - Shot by Anze Kopitar.
2:42 of 1st period - Deflect By Radek Dvorak.
2:42 of 1st period - Shot Misses the Net.
3:11 of 1st period - Icing by Joe Corvo.
3:12 of 1st period - Shawn Horcoff wins face-off versus Ryan Nugent-Hopkins in Kings zone.
6:44 of 1st period - Shot by Kyle Palmieri.
6:44 of 1st period - Shot Misses the Net.
6:50 of 1st period - Joe Corvo is hit by Shawn Horcoff and loses puck.
7:25 of 1st period - Shot by Mike Cammalleri.
7:25 of 1st period - Stopped by Miikka Kiprusoff without a rebound.
7:26 of 1st period - Mikhail Grabovski wins face-off versus Anze Kopitar in Kings zone.
8:23 of 1st period - Shot by Michael Grabner.
8:23 of 1st period - Stopped by Miikka Kiprusoff without a rebound.
8:24 of 1st period - Jarret Stoll wins face-off versus Shawn Horcoff in Kings zone.
8:40 of 1st period - Off-side.
8:41 of 1st period - Ryan Kesler wins face-off versus Ryan Nugent-Hopkins in neutral zone.
8:44 of 1st period - Shot by Jeff Skinner.
8:44 of 1st period - Shot Misses the Net.
9:03 of 1st period - Ryan Nugent-Hopkins is hit by Bryce Salvador and loses puck.
9:07 of 1st period - Kyle Palmieri is hit by Bryce Salvador and loses puck.
9:11 of 1st period - Minor Penalty to Bryce Salvador for Hooking.
9:12 of 1st period - Shawn Horcoff wins face-off versus Ryan Nugent-Hopkins in Flames zone.
11:16 of 1st period - Matt Hendricks is hit by Ladislav Smid and loses puck.
11:29 of 1st period - Ladislav Smid is hit by Matt Hendricks and loses puck.
12:05 of 1st period - Icing by Matt Hendricks.
12:06 of 1st period - Anze Kopitar wins face-off versus Matt Hendricks in Kings zone.
12:07 of 1st period - Shot by Mike Cammalleri.
12:07 of 1st period - Shot Blocked by Robyn Regehr.
12:09 of 1st period - Shot by Radek Dvorak.
12:09 of 1st period - Shot Blocked by Justin Faulk.
12:11 of 1st period - Shot by Jack Johnson.
12:11 of 1st period - Stopped by Miikka Kiprusoff without a rebound.
12:12 of 1st period - Jarret Stoll wins face-off versus Radek Dvorak in Kings zone.
12:36 of 1st period - Minor Penalty to Vyacheslav Voynov for Hooking.
12:37 of 1st period - Ryan Kesler wins face-off versus Matt Hendricks in Kings zone.
12:40 of 1st period - Shot by Ryan Kesler.
12:40 of 1st period - Deflect By Jeff Skinner.
12:40 of 1st period - Shot Misses the Net.
12:50 of 1st period - Jeff Skinner is hit by Jarret Stoll and loses puck.
13:40 of 1st period - Andrew MacDonald is hit by Ryan Smyth and loses puck.
15:21 of 1st period - Shot by Tomas Kopecky.
15:21 of 1st period - Stopped by Miikka Kiprusoff without a rebound.
15:22 of 1st period - Mikhail Grabovski wins face-off versus Shawn Horcoff in Kings zone.
15:22 of 1st period - Mikhail Grabovski is hit by Shawn Horcoff.
15:33 of 1st period - Michael Frolik is hit by Jack Johnson.
17:18 of 1st period - Shot by Michael Ryder.
17:18 of 1st period - Deflect By Dustin Brown.
17:18 of 1st period - Shot Misses the Net.
17:45 of 1st period - Shot by Kyle Palmieri.
17:45 of 1st period - Shot Blocked by Dustin Brown.
18:23 of 1st period - Tomas Kopecky is hit by Matt Hendricks and loses puck.
18:31 of 1st period - Off-side.
18:32 of 1st period - Mikhail Grabovski wins face-off versus Ryan Kesler in neutral zone.
18:35 of 1st period - Andrew MacDonald is hit by Mikhail Grabovski and loses puck.
18:44 of 1st period - Shot by Jeff Skinner.
18:44 of 1st period - Stopped by Miikka Kiprusoff without a rebound.
18:45 of 1st period - Jarret Stoll wins face-off versus Ryan Kesler in Kings zone.
19:03 of 1st period - Shot by Jarret Stoll.
19:03 of 1st period - Stopped by Jonathan Quick without a rebound.
19:04 of 1st period - Ryan Nugent-Hopkins wins face-off versus Shawn Horcoff in Flames zone.
19:26 of 1st period - Shot by Tomas Kopecky.
19:26 of 1st period - Stopped by Miikka Kiprusoff with a rebound.
19:28 of 1st period - Shot by Jack Johnson.
19:28 of 1st period - Stopped by Miikka Kiprusoff with a rebound.
19:30 of 1st period - Shot by Tomas Kopecky.
19:30 of 1st period - Stopped by Miikka Kiprusoff without a rebound.
19:31 of 1st period - Ryan Kesler wins face-off versus Mikhail Grabovski in Kings zone.
19:54 of 1st period - Shot by Jeff Skinner.
19:54 of 1st period - Shot Misses the Net.
19:56 of 1st period - Shot by Andrew MacDonald.
19:56 of 1st period - Shot Blocked by Vyacheslav Voynov.
19:58 of 1st period - Shot by Bryce Salvador.
19:58 of 1st period - Stopped by Miikka Kiprusoff without a rebound.
19:59 of 1st period - Anze Kopitar wins face-off versus Ryan Nugent-Hopkins in Kings zone.
19:59 of 1st period - Jack Johnson is hit by Justin Faulk and loses puck.

2nd period


0:01 of 2nd period - Anze Kopitar wins face-off versus Mikhail Grabovski in neutral zone.
0:29 of 2nd period - Shot by Ryan Smyth.
0:29 of 2nd period - Shot Blocked by Erik Johnson.
0:31 of 2nd period - Shot by Justin Faulk.
0:31 of 2nd period - Deflect By Michael Frolik.
0:31 of 2nd period - Shot Misses the Net.
0:37 of 2nd period - Shot by Michael Frolik.
0:37 of 2nd period - Deflect By Mikhail Grabovski.
0:37 of 2nd period - Shot Blocked by Erik Johnson.
0:39 of 2nd period - Shot by Mikhail Grabovski.
0:39 of 2nd period - Deflect By Michael Frolik.
0:39 of 2nd period - Stopped by Jonathan Quick without a rebound.
0:40 of 2nd period - Ryan Kesler wins face-off versus Ryan Nugent-Hopkins in Flames zone.
0:47 of 2nd period - Shot by Nail Yakupov.
0:47 of 2nd period - Stopped by Jonathan Quick without a rebound.
0:48 of 2nd period - Ryan Kesler wins face-off versus Ryan Nugent-Hopkins in Flames zone.
0:53 of 2nd period - Tobias Enstrom is hit by Ryan Kesler and loses puck.
2:17 of 2nd period - Shot by Michael Ryder.
2:17 of 2nd period - Shot Misses the Net.
2:19 of 2nd period - Shot by Erik Johnson.
2:19 of 2nd period - Shot Misses the Net.
2:55 of 2nd period - Shot by Mikhail Grabovski.
2:55 of 2nd period - Shot Misses the Net.
2:57 of 2nd period - Shot by Michael Frolik.
2:57 of 2nd period - Shot Misses the Net.
2:59 of 2nd period - Shot by Ryan Smyth.
2:59 of 2nd period - Shot Misses the Net.
3:01 of 2nd period - Shot by Michael Frolik.
3:01 of 2nd period - Stopped by Jonathan Quick with a rebound.
3:03 of 2nd period - Shot by Mikhail Grabovski.
3:03 of 2nd period - Shot Misses the Net.
3:05 of 2nd period - Shot by Mikhail Grabovski.
3:05 of 2nd period - Stopped by Jonathan Quick with a rebound.
3:07 of 2nd period - Shot by Michael Frolik.
3:07 of 2nd period - Shot Blocked by Bryce Salvador.
3:18 of 2nd period - Icing by Bryce Salvador.
3:19 of 2nd period - Jarret Stoll wins face-off versus Shawn Horcoff in Flames zone.
3:44 of 2nd period - Shot by Ryan Kesler.
3:44 of 2nd period - Stopped by Miikka Kiprusoff with a rebound.
3:48 of 2nd period - Shot by Jeff Skinner.
3:48 of 2nd period - Shot Misses the Net.
4:00 of 2nd period - Shot by Ladislav Smid.
4:00 of 2nd period - Shot Misses the Net.
4:05 of 2nd period - Icing by Joe Corvo.
4:06 of 2nd period - Anze Kopitar wins face-off versus Jarret Stoll in Kings zone.
4:30 of 2nd period - Minor Penalty to Justin Faulk for Roughing.
4:31 of 2nd period - Ryan Kesler wins face-off versus Matt Hendricks in Kings zone.
4:49 of 2nd period - Icing by Andrew MacDonald.
4:50 of 2nd period - Jarret Stoll wins face-off versus Ryan Kesler in Flames zone.
4:53 of 2nd period - Shot by Jarret Stoll.
4:53 of 2nd period - Shot Blocked by Andrew MacDonald.
5:00 of 2nd period - Off-side.
5:01 of 2nd period - Anze Kopitar wins face-off versus Ryan Smyth in neutral zone.
5:04 of 2nd period - Shot by Jack Johnson.
5:04 of 2nd period - Stopped by Miikka Kiprusoff without a rebound.
5:05 of 2nd period - Jeff Halpern wins face-off versus Michael Ryder in Kings zone.
5:13 of 2nd period - Icing by Erik Johnson.
5:14 of 2nd period - Jarret Stoll wins face-off versus Anze Kopitar in Flames zone.
5:14 of 2nd period - Tobias Enstrom is hit by Jack Johnson and loses puck.
5:29 of 2nd period - Shot by Anze Kopitar.
5:29 of 2nd period - Shot Blocked by Sergei Gonchar.
5:37 of 2nd period - Shot by Anze Kopitar.
5:37 of 2nd period - Stopped by Miikka Kiprusoff with a rebound.
5:39 of 2nd period - Shot by Anze Kopitar.
5:39 of 2nd period - Deflect By Michael Ryder.
5:39 of 2nd period - Goal by Michael Ryder - Flames : 1 - Kings : 0.
5:40 of 2nd period - Ryan Kesler wins face-off versus Mikhail Grabovski in neutral zone.
5:43 of 2nd period - Shot by Jeff Skinner.
5:43 of 2nd period - Shot Misses the Net.
5:45 of 2nd period - Shot by Jeff Skinner.
5:45 of 2nd period - Goal by Jeff Skinner - Flames : 2 - Kings : 0.
5:46 of 2nd period - Ryan Kesler wins face-off versus Mikhail Grabovski in neutral zone.
5:53 of 2nd period - Ryan Smyth is hit by Ryan Kesler and loses puck.
5:55 of 2nd period - Minor Penalty to Michael Grabner for Holding.
5:56 of 2nd period - Shawn Horcoff wins face-off versus Ryan Nugent-Hopkins in Flames zone.
6:19 of 2nd period - Shot by Tobias Enstrom.
6:19 of 2nd period - Stopped by Jonathan Quick without a rebound.
6:20 of 2nd period - Jarret Stoll wins face-off versus Shawn Horcoff in Flames zone.
6:25 of 2nd period - Shot by Jarret Stoll.
6:25 of 2nd period - Shot Misses the Net.
7:46 of 2nd period - Icing by Sergei Gonchar.
7:47 of 2nd period - Ryan Nugent-Hopkins wins face-off versus Mike Cammalleri in Kings zone.
7:58 of 2nd period - Shot by Tobias Enstrom.
7:58 of 2nd period - Stopped by Jonathan Quick with a rebound.
9:36 of 2nd period - Shot by Dustin Brown.
9:36 of 2nd period - Shot Blocked by Jamie McBain.
9:38 of 2nd period - Shot by Anze Kopitar.
9:38 of 2nd period - Shot Misses the Net.
9:42 of 2nd period - Shot by Anze Kopitar.
9:42 of 2nd period - Stopped by Miikka Kiprusoff without a rebound.
9:43 of 2nd period - Shawn Horcoff wins face-off versus Ryan Nugent-Hopkins in Kings zone.
10:04 of 2nd period - Shot by Ryan Nugent-Hopkins.
10:04 of 2nd period - Deflect By Kyle Palmieri.
10:04 of 2nd period - Shot Misses the Net.
10:17 of 2nd period - Minor Penalty to Kyle Palmieri for Holding.
10:18 of 2nd period - Anze Kopitar wins face-off versus Matt Hendricks in Kings zone.
10:49 of 2nd period - Icing by Andrew MacDonald.
10:50 of 2nd period - Jarret Stoll wins face-off versus Anze Kopitar in Flames zone.
11:05 of 2nd period - Shot by Jarret Stoll.
11:05 of 2nd period - Stopped by Jonathan Quick without a rebound.
11:06 of 2nd period - Matt Hendricks wins face-off versus Ryan Kesler in Flames zone.
11:19 of 2nd period - Shot by Ryan Kesler.
11:19 of 2nd period - Stopped by Miikka Kiprusoff without a rebound.
11:20 of 2nd period - Jarret Stoll wins face-off versus Ryan Kesler in Kings zone.
11:49 of 2nd period - Shot by Jeff Skinner.
11:49 of 2nd period - Stopped by Miikka Kiprusoff with a rebound.
11:51 of 2nd period - Shot by Erik Johnson.
11:51 of 2nd period - Shot Blocked by Ryan Smyth.
11:53 of 2nd period - Shot by Jack Johnson.
11:53 of 2nd period - Deflect By Tomas Kopecky.
11:53 of 2nd period - Stopped by Miikka Kiprusoff without a rebound.
11:54 of 2nd period - Jarret Stoll wins face-off versus Anze Kopitar in Kings zone.
12:11 of 2nd period - Tobias Enstrom is hit by Dustin Brown and loses puck.
12:20 of 2nd period - Shot by Tomas Kopecky.
12:20 of 2nd period - Stopped by Miikka Kiprusoff without a rebound.
12:21 of 2nd period - Anze Kopitar wins face-off versus Ryan Nugent-Hopkins in Kings zone.
12:49 of 2nd period - Off-side.
12:50 of 2nd period - Michael Frolik wins face-off versus Ryan Kesler in neutral zone.
12:55 of 2nd period - Shot by Vyacheslav Voynov.
12:55 of 2nd period - Shot Misses the Net.
13:17 of 2nd period - Shot by Mikhail Grabovski.
13:17 of 2nd period - Stopped by Jonathan Quick without a rebound.
13:18 of 2nd period - Shawn Horcoff wins face-off versus Ryan Nugent-Hopkins in Flames zone.
13:40 of 2nd period - Nail Yakupov is hit by Toni Lydman and loses puck.
13:44 of 2nd period - Minor Penalty to Toni Lydman for Tripping.
13:45 of 2nd period - Mike Cammalleri wins face-off versus Jarret Stoll in Flames zone.
15:02 of 2nd period - Tomas Kopecky is hit by Nail Yakupov and loses puck.
15:15 of 2nd period - Shot by Nail Yakupov.
15:15 of 2nd period - Stopped by Jonathan Quick without a rebound.
15:16 of 2nd period - Jarret Stoll wins face-off versus Mike Cammalleri in Flames zone.
15:25 of 2nd period - Shot by Joe Corvo.
15:25 of 2nd period - Stopped by Jonathan Quick with a rebound.
16:19 of 2nd period - Shot by Kyle Palmieri.
16:19 of 2nd period - Shot Misses the Net.
16:40 of 2nd period - Vyacheslav Voynov is hit by Bryce Salvador.
18:01 of 2nd period - Shot by Tomas Kopecky.
18:01 of 2nd period - Shot Misses the Net.
18:03 of 2nd period - Shot by Tomas Kopecky.
18:03 of 2nd period - Stopped by Miikka Kiprusoff without a rebound.
18:04 of 2nd period - Ryan Nugent-Hopkins wins face-off versus Ryan Kesler in Kings zone.
18:18 of 2nd period - Shot by Michael Grabner.
18:18 of 2nd period - Deflect By Jeff Skinner.
18:18 of 2nd period - Shot Misses the Net.
18:20 of 2nd period - Shot by Jeff Skinner.
18:20 of 2nd period - Stopped by Miikka Kiprusoff without a rebound.
18:21 of 2nd period - Anze Kopitar wins face-off versus Mikhail Grabovski in Kings zone.
18:34 of 2nd period - Shot by Anze Kopitar.
18:34 of 2nd period - Shot Misses the Net.
19:15 of 2nd period - Shot by Ryan Nugent-Hopkins.
19:15 of 2nd period - Shot Misses the Net.
19:27 of 2nd period - Shot by Nail Yakupov.
19:27 of 2nd period - Stopped by Jonathan Quick without a rebound.
19:28 of 2nd period - Jeff Skinner wins face-off versus Jarret Stoll in Flames zone.

3rd period


0:01 of 3rd period - Anze Kopitar wins face-off versus Mikhail Grabovski in neutral zone.
0:01 of 3rd period - Anze Kopitar is hit by Michael Frolik.
0:05 of 3rd period - Shot by Dustin Brown.
0:05 of 3rd period - Shot Misses the Net.
0:06 of 3rd period - Minor Penalty to Justin Faulk for Hooking.
0:07 of 3rd period - Jarret Stoll wins face-off versus Anze Kopitar in Kings zone.
1:20 of 3rd period - Jarret Stoll is hit by Jeff Skinner.
2:04 of 3rd period - Shot by Dustin Brown.
2:04 of 3rd period - Stopped by Miikka Kiprusoff without a rebound.
2:05 of 3rd period - Ryan Kesler wins face-off versus Jarret Stoll in Kings zone.
2:11 of 3rd period - Minor Penalty to Sergei Gonchar for Tripping.
2:12 of 3rd period - Jeff Halpern wins face-off versus Ryan Kesler in Kings zone.
2:30 of 3rd period - Shot by Erik Johnson.
2:30 of 3rd period - Stopped by Miikka Kiprusoff without a rebound.
2:31 of 3rd period - Anze Kopitar wins face-off versus Matt Hendricks in Kings zone.
2:31 of 3rd period - Anze Kopitar is hit by Justin Faulk.
2:35 of 3rd period - Shot by Andrew MacDonald.
2:35 of 3rd period - Stopped by Miikka Kiprusoff without a rebound.
2:36 of 3rd period - Anze Kopitar wins face-off versus Jarret Stoll in Kings zone.
2:53 of 3rd period - Shot by Michael Ryder.
2:53 of 3rd period - Stopped by Miikka Kiprusoff without a rebound.
2:54 of 3rd period - Matt Hendricks wins face-off versus Ryan Kesler in Kings zone.
3:18 of 3rd period - Off-side.
3:19 of 3rd period - Jarret Stoll wins face-off versus Anze Kopitar in neutral zone.
3:42 of 3rd period - Shot by Dustin Brown.
3:42 of 3rd period - Shot Blocked by Justin Faulk.
3:46 of 3rd period - Shot by Michael Ryder.
3:46 of 3rd period - Shot Misses the Net.
4:07 of 3rd period - Icing by Dustin Brown.
4:08 of 3rd period - Anze Kopitar wins face-off versus Matt Hendricks in Flames zone.
4:08 of 3rd period - Anze Kopitar is hit by Matt Hendricks.
4:13 of 3rd period - Icing by Ryan Kesler.
4:14 of 3rd period - Mikhail Grabovski wins face-off versus Michael Grabner in Flames zone.
4:22 of 3rd period - Off-side.
4:23 of 3rd period - Ryan Kesler wins face-off versus Mikhail Grabovski in neutral zone.
4:23 of 3rd period - Jack Johnson is hit by Ryan Smyth.
4:29 of 3rd period - Shot by Michael Grabner.
4:29 of 3rd period - Shot Misses the Net.
5:25 of 3rd period - Shot by Anze Kopitar.
5:25 of 3rd period - Deflect By Dustin Brown.
5:25 of 3rd period - Stopped by Miikka Kiprusoff with a rebound.
5:36 of 3rd period - Dustin Brown is hit by Vyacheslav Voynov and loses puck.
5:43 of 3rd period - Shot by Dustin Brown.
5:43 of 3rd period - Shot Misses the Net.
6:24 of 3rd period - Icing by Sergei Gonchar.
6:25 of 3rd period - Nail Yakupov wins face-off versus Ryan Kesler in Kings zone.
6:25 of 3rd period - Nail Yakupov is hit by Ryan Kesler.
7:06 of 3rd period - Icing by Justin Faulk.
7:07 of 3rd period - Ryan Nugent-Hopkins wins face-off versus Shawn Horcoff in Kings zone.
7:23 of 3rd period - Minor Penalty to Jamie McBain for Delaying the game.
7:24 of 3rd period - Dustin Brown wins face-off versus Jarret Stoll in Kings zone.
7:24 of 3rd period - Anze Kopitar is hit by Robyn Regehr and loses puck.
7:34 of 3rd period - Michael Ryder is hit by Robyn Regehr and loses puck.
7:37 of 3rd period - Shot by Anze Kopitar.
7:37 of 3rd period - Shot Misses the Net.
7:39 of 3rd period - Shot by Andrew MacDonald.
7:39 of 3rd period - Shot Misses the Net.
7:41 of 3rd period - Shot by Michael Ryder.
7:41 of 3rd period - Shot Misses the Net.
7:43 of 3rd period - Shot by Andrew MacDonald.
7:43 of 3rd period - Stopped by Miikka Kiprusoff without a rebound.
7:44 of 3rd period - Jarret Stoll wins face-off versus Ryan Kesler in Kings zone.
7:55 of 3rd period - Shot by Ryan Kesler.
7:55 of 3rd period - Shot Misses the Net.
7:57 of 3rd period - Shot by Tomas Kopecky.
7:57 of 3rd period - Stopped by Miikka Kiprusoff without a rebound.
7:58 of 3rd period - Anze Kopitar wins face-off versus Matt Hendricks in Kings zone.
8:03 of 3rd period - Shot by Anze Kopitar.
8:03 of 3rd period - Shot Misses the Net.
8:55 of 3rd period - Shot by Jack Johnson.
8:55 of 3rd period - Shot Blocked by Sergei Gonchar.
8:57 of 3rd period - Shot by Erik Johnson.
8:57 of 3rd period - Shot Misses the Net.
8:59 of 3rd period - Shot by Tomas Kopecky.
8:59 of 3rd period - Shot Misses the Net.
9:14 of 3rd period - Icing by Jeff Skinner.
9:15 of 3rd period - Ryan Kesler wins face-off versus Ryan Smyth in Flames zone.
9:26 of 3rd period - Shot by Anze Kopitar.
9:26 of 3rd period - Shot Blocked by Joe Corvo.
9:28 of 3rd period - Shot by Radek Dvorak.
9:28 of 3rd period - Stopped by Miikka Kiprusoff without a rebound.
9:29 of 3rd period - Mikhail Grabovski wins face-off versus Anze Kopitar in Kings zone.
9:29 of 3rd period - Robyn Regehr is hit by Mike Cammalleri.
9:53 of 3rd period - Justin Faulk is hit by Mike Cammalleri and loses puck.
10:01 of 3rd period - Off-side.
10:02 of 3rd period - Ryan Nugent-Hopkins wins face-off versus Ryan Kesler in neutral zone.
10:52 of 3rd period - Icing by Michael Grabner.
10:53 of 3rd period - Michael Frolik wins face-off versus Ryan Kesler in Flames zone.
11:03 of 3rd period - Michael Grabner is hit by Ryan Smyth and loses puck.
11:21 of 3rd period - Minor Penalty to Anze Kopitar for Roughing.
11:22 of 3rd period - Ryan Nugent-Hopkins wins face-off versus Shawn Horcoff in Flames zone.
11:41 of 3rd period - Shot by Tobias Enstrom.
11:41 of 3rd period - Stopped by Jonathan Quick without a rebound.
11:42 of 3rd period - Shawn Horcoff wins face-off versus Jarret Stoll in Flames zone.
12:15 of 3rd period - Shot by Vyacheslav Voynov.
12:15 of 3rd period - Stopped by Jonathan Quick without a rebound.
12:16 of 3rd period - Shawn Horcoff wins face-off versus Ryan Nugent-Hopkins in Flames zone.
12:53 of 3rd period - Shot by Sergei Gonchar.
12:53 of 3rd period - Stopped by Jonathan Quick without a rebound.
12:54 of 3rd period - Jarret Stoll wins face-off versus Shawn Horcoff in Flames zone.
13:05 of 3rd period - Shot by Vyacheslav Voynov.
13:05 of 3rd period - Shot Blocked by Dustin Brown.
13:07 of 3rd period - Shot by Jarret Stoll.
13:07 of 3rd period - Shot Misses the Net.
13:09 of 3rd period - Shot by Jarret Stoll.
13:09 of 3rd period - Stopped by Jonathan Quick with a rebound.
13:11 of 3rd period - Shot by Vyacheslav Voynov.
13:11 of 3rd period - Stopped by Jonathan Quick without a rebound.
13:12 of 3rd period - Jarret Stoll wins face-off versus Shawn Horcoff in Flames zone.
13:13 of 3rd period - Shot by Tobias Enstrom.
13:13 of 3rd period - Shot Blocked by Ladislav Smid.
13:15 of 3rd period - Shot by Sergei Gonchar.
13:15 of 3rd period - Stopped by Jonathan Quick without a rebound.
13:16 of 3rd period - Shawn Horcoff wins face-off versus Ryan Nugent-Hopkins in Flames zone.
13:16 of 3rd period - Shawn Horcoff is hit by Dustin Penner.
13:40 of 3rd period - Shot by Anze Kopitar.
13:40 of 3rd period - Shot Blocked by Justin Faulk.
13:42 of 3rd period - Shot by Ladislav Smid.
13:42 of 3rd period - Goal by Ladislav Smid - Flames : 3 - Kings : 0.
13:43 of 3rd period - Ryan Kesler wins face-off versus Ryan Nugent-Hopkins in neutral zone.
14:38 of 3rd period - Michael Ryder is hit by Nail Yakupov and loses puck.
17:07 of 3rd period - Icing by Wojtek Wolski.
17:08 of 3rd period - Jarret Stoll wins face-off versus Anze Kopitar in Kings zone.
17:20 of 3rd period - Icing by Erik Johnson.
17:21 of 3rd period - Ryan Nugent-Hopkins wins face-off versus Anze Kopitar in Flames zone.
17:38 of 3rd period - Shot by Michael Ryder.
17:38 of 3rd period - Stopped by Miikka Kiprusoff without a rebound.
17:39 of 3rd period - Shawn Horcoff wins face-off versus Ryan Nugent-Hopkins in Kings zone.
18:36 of 3rd period - Shot by Michael Ryder.
18:36 of 3rd period - Shot Blocked by Jamie McBain.
18:41 of 3rd period - Shot by Dustin Brown.
18:41 of 3rd period - Goal by Dustin Brown - Flames : 4 - Kings : 0.
18:42 of 3rd period - Ryan Kesler wins face-off versus Matt Hendricks in neutral zone.
18:59 of 3rd period - Shot by Ryan Kesler.
18:59 of 3rd period - Stopped by Miikka Kiprusoff without a rebound.
19:00 of 3rd period - Anze Kopitar wins face-off versus Jarret Stoll in Kings zone.
19:11 of 3rd period - Shot by Dustin Brown.
19:11 of 3rd period - Goal by Dustin Brown - Flames : 5 - Kings : 0.
19:12 of 3rd period - Ryan Kesler wins face-off versus Kyle Palmieri in neutral zone.
19:29 of 3rd period - Shot by Jeff Skinner.
19:29 of 3rd period - Goal by Jeff Skinner - Flames : 6 - Kings : 0.
19:30 of 3rd period - Mikhail Grabovski wins face-off versus Anze Kopitar in neutral zone.


Output by the SimonT Hockey Simulator (STHS) for Stephane Roy -- Original Page W3C XHTML 1.0 Valid
Hockey Simulator - Hockey Simulation - Hockey Manager